 Dungeon Crawl Stone Soup version 0.19-a0-1057-g15bb84d (webtiles) character file.

2705 mrath the Digger (level 9, -5/52 HPs)
             Began as a Gargoyle Earth Elementalist on Aug 2, 2016.
             Was a Follower of Vehumet.
             Shot with a sling bullet by Joseph (10 damage)
             ... on level 7 of the Dungeon.
             The game lasted 00:50:46 (9586 turns).

mrath the Digger (Gargoyle Earth Elementalist)      Turns: 9586, Time: 00:50:47

Health: -5/52      AC: 11    Str: 11    XL:     9   Next: 65%
Magic:  9/19       EV: 13    Int: 20    God:    Vehumet [*.....]
Gold:   332        SH:  0    Dex: 10    Spells: 3 memorised, 13 levels left

rFire  . . .     SeeInvis .     a - +3 mace (crush)
rCold  . . .     Gourm    .     c - +0 robe
rNeg   + . .     Faith    .     (no shield)
rPois  ∞         Spirit   .     (no helmet)
rElec  +         Dismiss  .     g - +1 cloak
rCorr  .         Reflect  .     i - +0 pair of gloves
SustAt +         Harm     .     (no boots)
MR     .....                    (no amulet)
Stlth  ++........               (no ring)
                                n - ring of sustain attributes

@: not resistant to hostile enchantments, unstealthy
A: negative energy resistance 1, electricity resistance, unbreathing,
petrification resistance, rot immunity, AC +5
a: Renounce Religion


You were on level 7 of the Dungeon.
You worshipped Vehumet.
Vehumet was aware of your devotion.
You were hungry.

You visited 2 branches of the dungeon, and saw 8 of its levels.

You collected 332 gold pieces.

Inventory:

Hand Weapons
 a - a +3 mace of crushing (weapon)
 f - the +5 scythe of Ufys {drain, rElec, unknown}
   (You found it on level 5 of the Dungeon)

   A truly terrible weapon, it drains the life of those it strikes.
   It insulates you from electricity.
 p - a +2 hunting sling of velocity
 u - a +2 short sword of draining
Missiles
 b - 251 stones
 k - 14 tomahawks (quivered)
 x - 34 sling bullets
 A - 11 poisoned needles
 H - 2 poisoned tomahawks
Armour
 c - a +0 robe (worn)
 g - a +1 cloak (worn)
 i - a +0 pair of gloves (worn)
 y - a +0 buckler of reflection
 D - a +2 shield
Jewellery
 n - a ring of sustain attributes (left hand)
Wands
 E - a wand of lightning (8/15)
 K - a wand of acid (9/15)
Scrolls
 h - a scroll of enchant weapon {unknown}
 j - 2 scrolls of amnesia {unknown}
 l - 3 scrolls of remove curse
 m - 3 scrolls of identify
 o - 5 scrolls of magic mapping
 r - 2 scrolls of random uselessness {unknown}
 s - a scroll of recharging {unknown}
 w - 3 scrolls of fog {unknown}
 B - a scroll of fear {unknown}
 I - a scroll of vulnerability {unknown}
 M - a scroll of blinking {unknown}
Potions
 q - 2 potions of curing
 z - 3 potions of might
 F - 2 potions of flight {unknown}
 G - a potion of degeneration {unknown}
 J - 2 potions of resistance {unknown}
 L - a potion of magic {unknown}
Books
 e - a book of Geomancy

   Spells                             Type                      Level
   a - Sandblast                      Earth                        1
   b - Passwall                       Transmutation/Earth          2
   c - Stone Arrow                    Conjuration/Earth            3
   d - Petrify                        Transmutation/Earth          4
   e - Lee's Rapid Deconstruction     Earth                        5
Comestibles
 d - 4 bread rations
 t - 2 meat rations
 v - 6 fruits
 C - 2 slices of pizza


   Skills:
 + Level 3.8 Fighting
 + Level 3.7 Armour
 + Level 3.1 Dodging
 - Level 2.1 Stealth
 + Level 2.8 Shields
 * Level 7.1 Spellcasting
 + Level 5.2 Conjurations
   Level 0.7 Transmutations
 + Level 7.4 Earth Magic
 + Level 2.5 Evocations


You had 13 spell levels left.
You knew the following spells:

 Your Spells              Type           Power        Failure   Level  Hunger
a - Sandblast             Erth           #####.       1%          1    None
b - Stone Arrow           Conj/Erth      ####..       1%          3    #......
c - Lee's Rapid Deconstr  Erth           #####.....   14%         5    #####..


Dungeon Overview and Level Annotations

Branches:
Dungeon (7/15)             Temple (1/1) D:5

Altars:
Ashenzari
Elyvilon
Fedhas
Makhleb
Nemelex Xobeh
Okawaru
Ru
Sif Muna
Trog
Uskayaw
Vehumet
Xom
Zin
The Shining One

Shops:
D:6 [

Annotations:
D:2 1 runed door
D:7 Joseph, Pikel


Innate Abilities, Weirdness & Mutations

You are resistant to torment.
Your stone body is resilient. (AC +5)
You are immune to poison.
You resist negative energy. (rN+)
You are resistant to electric shocks. (rElec)
You can survive without breathing.
You are immune to petrification.
You are immune to rotting.


Message History

The stone arrow hits the killer bee.
The killer bee is severely wounded.
The killer bee barely misses you. The killer bee closely misses you.
Casting: Stone Arrow
Confirm with . or Enter, or press ? or * to list all spells.
Aiming: Stone Arrow
Press: ? - help, Shift-Dir - straight line, f/p - killer bee
Aim: a killer bee (severely wounded)
The stone arrow hits the killer bee.
You kill the killer bee!
Vehumet accepts your kill.
Joseph shoots a sling bullet.
The sling bullet hits you!
Joseph shoots a sling bullet.
The sling bullet hits you!
Things that are here:
a sling bullet; a killer bee corpse Joseph shoots a sling bullet.
The sling bullet hits you!!
* * * LOW HITPOINT WARNING * * *
You see here 2 sling bullets.
Joseph shoots a sling bullet.
The sling bullet hits you!
You die...

......# ######....## #...#
......# ..........##.#...#
......###. ########†###.#...####
......#... #.# #.........
......#... #.# ###...#### ......#
.. #.# #....... ......# #. #.#
#....### ......#
#.##########.########.###
......#.#..@....@((..............
......#...(#########.####.###.###
......#.##.# #.# #..######
#####.#.##(# #.# ##.###≈≈≈
#.#.##.# #.# #.##≈≈≈≈ #.#.##.#
#.# #.##≈≈.. #.#.##.# #.#
#..'..._ #.#.##@#### #.# ####≈≈..
#.@..†....# #.# #≈≈≈≈


You could see Joseph.

Vanquished Creatures
  The ghost of Meriados the Purveyor of Pain, a novice DEVM of Kikubaaqudgha (D:6)
  Grinder (D:4)
  A water moccasin (D:3)
  An ice beast (D:6)
  A wasp (D:6)
  A necrophage (D:6)
  3 centaurs
  3 ogres
  A scorpion (D:6)
  A water moccasin skeleton (D:6)
  6 killer bees
  4 wights (D:6)
  A howler monkey (D:6)
  A giant frog zombie (D:5)
  2 hounds (D:4)
  3 orc priests (D:4)
  A jelly (D:5)
  A centaur skeleton (D:3)
  An orc wizard (D:4)
  4 worker ants
  A killer bee zombie (D:7)
  A hound zombie (D:5)
  2 worker ant zombies
  8 adders
  12 gnolls
  A shadow imp (D:7)
  2 oozes
  2 adder skeletons (D:4)
  2 worms
  2 dart slugs
  4 giant geckos
  12 orcs
  18 giant cockroaches
  9 goblins
  6 hobgoblins
  9 jackals
  7 quokkas
  A ball python (D:4)
  9 bats
  4 giant newts
  9 kobolds
  4 rats
163 creatures vanquished.

Vanquished Creatures (others)
  A plant (D:2)
1 creature vanquished.

Grand Total: 164 creatures vanquished

Notes
Turn   | Place    | Note
-------+----------+-------------------------------------------
     0 | D:1      | mrath the Gargoyle Earth Elementalist began the quest for the Orb.
     0 | D:1      | Reached XP level 1. HP: 10/10 MP: 3/3
   205 | D:1      | Reached XP level 2. HP: 15/15 MP: 1/5
   897 | D:1      | Reached XP level 3. HP: 19/19 MP: 5/7
  1563 | D:2      | Found a blossoming altar of Fedhas.
  1960 | D:2      | Reached XP level 4. HP: 24/24 MP: 2/9
  2137 | D:2      | Found a runed door.
  2553 | D:2      | Learned a level 3 spell: Stone Arrow
  2813 | D:3      | Reached XP level 5. HP: 19/28 MP: 4/10
  3162 | D:3      | Reached skill level 1 in Conjurations
  3162 | D:3      | Reached skill level 5 in Earth Magic
  4427 | D:4      | Reached XP level 6. HP: 28/32 MP: 2/12
  4518 | D:4      | Learned a level 5 spell: Lee's Rapid Deconstruction
  4641 | D:4      | Noticed a water moccasin
  4719 | D:3      | Killed a water moccasin
  5071 | D:4      | Found an iron altar of Okawaru.
  5280 | D:4      | Reached skill level 5 in Spellcasting
  5384 | D:4      | Reached XP level 7. HP: 36/36 MP: 10/14
  5979 | D:4      | Noticed Grinder
  5989 | D:4      | Paralysed by Grinder for 6 turns
  5995 | D:4      | Killed Grinder
  6108 | D:4      | Found a bloodstained altar of Trog.
  6295 | D:5      | Entered Level 5 of the Dungeon
  6506 | D:5      | Reached skill level 1 in Armour
  6506 | D:5      | Reached XP level 8. HP: 40/42 MP: 12/16
  6553 | D:5      | Reached skill level 1 in Fighting
  6564 | D:5      | Got an ebony scythe
  6566 | D:5      | Found a glowing silver altar of Zin.
  6830 | D:5      | Reached skill level 1 in Shields
  6830 | D:5      | Reached skill level 1 in Evocations
  6984 | D:5      | Found a staircase to the Ecumenical Temple.
  6990 | Temple   | Entered the Ecumenical Temple
  7062 | Temple   | Became a worshipper of Vehumet
  7456 | D:5      | Found a sacrificial altar of Ru.
  7923 | D:6      | Noticed Meriados's ghost (novice DEVM)
  7962 | D:6      | Killed Meriados's ghost
  7962 | D:6      | Reached XP level 9. HP: 48/49 MP: 1/19
  8154 | D:6      | Found a white marble altar of Elyvilon.
  8460 | D:6      | Reached * piety under Vehumet
  8460 | D:6      | Offered knowledge of Shock by Vehumet.
  8483 | D:6      | Found Emohiaff's Armour Boutique.
  8632 | D:6      | Reached skill level 5 in Conjurations
  8840 | D:7      | Noticed Pikel
  8843 | D:7      | Noticed Joseph
  9239 | D:7      | Found a deep blue altar of Sif Muna.
  9586 | D:7      | Shot with a sling bullet by Joseph

Vault maps used:
D:1:      lemuel_arrival_broad_hall
D:2:      wad_woods_stonehenge, uniq_crazy_yiuf_cottage
D:3:      minmay_roachtagon, first_bread
D:4:      lightli_temple_of_fire, okawaru_ov_weapons_minmay, uniq_grinder
D:5:      kennysheep_little_box, lemuel_doored_altar
D:6:      elyvilon_altar_5, serial_shops, nicolae_shop_statue_plus
D:7:      led_sif_pool, uniq_pikel, uniq_menkaure, uniq_joseph
Temple:   regret_index_temple_generic_petals

Skill      XL: |  1  2  3  4  5  6  7  8  9 |
---------------+----------------------------+-----
Earth Magic    | 4 5 6 7 |  7.4
Spellcasting   | 3 4 5 6 7 |  7.1
Conjurations   | 1 2 3 4 5 |  5.2
Armour         | 1 2 3 |  3.7
Fighting       | 2 3 |  3.8
Dodging        | 2 3 |  3.1
Shields        | 2 |  2.8
Evocations     | 1 2 |  2.5
Stealth        | |  2.1
Transmutations | |  0.7

Action                   |  1- 3 |  4- 6 |  7- 9 || total
-------------------------+-------+-------+-------++-------
Melee: Short sword       |    35 |   155 |     8 ||   198
       Mace              |       |       |    97 ||    97
Throw: Tomahawk          |     3 |       |     1 ||     4
 Cast: Sandblast         |    57 |    62 |    22 ||   141
       Stone Arrow       |       |    19 |    92 ||   111
  Use: Scroll            |       |     3 |     2 ||     5
 Stab: Sleeping          |     1 |     2 |     2 ||     5
  Eat: Chunk             |     3 |    13 |    15 ||    31
Armor: Robe              |    34 |   100 |   115 ||   249
Dodge: Dodged            |    54 |   181 |   182 ||   417
